 Dungeon Crawl Stone Soup version 0.25.0-11-g1f837a76a1 (webtiles) character file.

Game seed: 15962426484951581932

62 xccam the Cutter (level 4, -4/26 HPs)
             Began as a Tengu Assassin on June 25, 2020.
             Slain by a gnoll
             ... wielding a +0 flail
              (11 damage)
             ... on level 2 of the Dungeon.
             The game lasted 00:01:48 (1973 turns).

xccam the Cutter (Tengu Assassin)                   Turns: 1973, Time: 00:01:48

Health: -4/26      AC:  3    Str: 11    XL:     4   Next: 8%
Magic:  5/5        EV: 12    Int: 12    God:
Gold:   146        SH:  0    Dex: 16    Spells: 3/3 levels left

rFire    . . .     SeeInvis .   a - +2 dagger
rCold    . . .     Gourm    .   (no shield)
rNeg     . . .     Faith    .   b - +0 robe
rPois    .         Spirit   .   (helmet restricted)
rElec    .         Reflect  .   c - +0 cloak
rCorr    .         Harm     .   (no gloves)
MR       .....                  (boots unavailable)
Stlth    +++.......             (no amulet)
HPRegen  0.08/turn              (no ring)
MPRegen  0.09/turn              (no ring)

@: no status effects
A: beak, talons 3
a: no special abilities


You were on level 2 of the Dungeon.
You were not hungry.

You visited 1 branch of the dungeon, and saw 3 of its levels.

You collected 146 gold pieces.

Inventory:

Hand Weapons
 a - a +2 dagger (weapon)
Missiles
 d - 15 poisoned darts (quivered)
 e - 2 curare-tipped darts
Armour
 b - a +0 robe (worn)
 c - a +0 cloak (worn)
 q - a +0 scale mail
Scrolls
 g - 2 scrolls of remove curse {unknown}
 h - 3 scrolls of teleportation {unknown}
 i - a scroll of fog {unknown}
 k - a scroll of amnesia {unknown}
 l - 7 scrolls of identify {unknown}
 m - 2 scrolls of fear {unknown}
 o - a scroll of noise {unknown}
 t - a scroll of enchant weapon {unknown}
Potions
 j - a potion of invisibility {unknown}
 n - 2 potions of might {unknown}
 p - a potion of berserk rage {unknown}
 r - a potion of resistance {unknown}
 u - a potion of cancellation {unknown}
Comestibles
 f - 3 rations
 s - a chunk of flesh


   Skills:
 - Level 2.0 Fighting
 + Level 4.7 Short Blades
 - Level 2.0 Throwing
 - Level 1.1 Dodging
 - Level 4.0 Stealth


You had 3 spell levels left.
You didn't know any spells.
Your spell library was empty.

Dungeon Overview and Level Annotations

Branches:
Dungeon (3/15)

Altars:
Elyvilon
Hepliaklqana
Kikubaaqudgha
Nemelex Xobeh
Okawaru
Qazlal
Ru


Innate Abilities, Weirdness & Mutations

You have a beak for a mouth.
You have claws for feet.


Message History

The bat barely misses you.
There is a stone staircase leading up here.
The bat barely misses you. The bat misses you. The gnoll barely misses you.
You climb upwards.
There is a stone staircase leading down here.
You closely miss the gnoll. You claw the gnoll. You peck the gnoll.
The gnoll is heavily wounded.
The gnoll hits you with a +0 flail!
You closely miss the gnoll.
The gnoll is heavily wounded.
You hit the gnoll. You claw the gnoll, but do no damage.
The gnoll is almost dead.
The gnoll hits you with a +0 flail!
* * * LOW HITPOINT WARNING * * *
You are too injured to fight recklessly!
You are too injured to fight recklessly!
You barely miss the gnoll. You peck the gnoll, but do no damage.
The gnoll is almost dead.
The gnoll hits you with a +0 flail!
You die...

##...##...##
##..........####
#...........>..#
...............#
..>............##
#.<....)........#
##...<##....###.###
...#.....#.....g..#
)....#####......@.#
.########.........#
.####.....##......#
..##..#############
#..#.## ##...#
#..## #..# #..##


You could see a gnoll.

Vanquished Creatures
  2 worms (D:2)
  A leopard gecko (D:2)
  3 bats
  3 giant cockroaches
  9 goblins
  8 hobgoblins
  7 jackals
  5 kobolds
  2 frilled lizards
  8 rats
48 creatures vanquished.

Notes
Turn   | Place    | Note
-------+----------+-------------------------------------------
     0 | D:1      | xccam the Tengu Assassin began the quest for the Orb.
     0 | D:1      | Reached XP level 1. HP: 12/12 MP: 2/2
   118 | D:1      | Reached XP level 2. HP: 17/17 MP: 3/3
   635 | D:1      | Reached XP level 3. HP: 12/21 MP: 4/4
  1482 | D:2      | Found a sacrificial altar of Ru.
  1649 | D:2      | Found a hazy altar of Hepliaklqana.
  1664 | D:2      | Found a white marble altar of Elyvilon.
  1758 | D:2      | Found an ancient bone altar of Kikubaaqudgha.
  1759 | D:2      | Found a stormy altar of Qazlal.
  1761 | D:2      | Found a sparkling altar of Nemelex Xobeh.
  1763 | D:2      | Found an iron altar of Okawaru.
  1816 | D:2      | Reached XP level 4. HP: 23/26 MP: 5/5
  1973 | D:2      | Slain by a gnoll

Illustrated notes

Levels and vault maps discovered:
D:1:      nzn_arrival_water_spiral, layout_basic
D:2:      layout_rooms, hangedman_ru_absence, minitemple
D:3:      layout_rooms, tgw_sif, st_stairs_5, uniq_grinder

Skill      XL: |  1  2  3 |
---------------+----------+-----
Short Blades   | 3 4 |  4.7
Fighting       | |  2.0
Throwing       | |  2.0
Dodging        | |  1.1
Stealth        | |  4.0

Action                   |  1- 3 |  4- 6 || total
-------------------------+-------+-------++-------
Melee: Dagger            |    98 |    10 ||   108
       Kick              |    21 |     5 ||    26
       Peck              |    10 |     4 ||    14
Throw: Dart              |     2 |       ||     2
 Stab: Sleeping          |     9 |     1 ||    10
  Eat: Chunk             |     3 |       ||     3
Armor: Robe              |    24 |     4 ||    28
Dodge: Dodged            |    55 |    10 ||    65
